 Dungeon Crawl Stone Soup version 0.30-a0-800-g7c544603b3 (webtiles) character file.

Game seed: 14506834759552367658

462 dialectric the Cudgeller (level 6, -1/50 HPs)
             Began as a Demonspawn Fighter on Feb 21, 2023.
             Slain by a gnoll
             ... wielding a +0 whip
             ... led by a gnoll bouda
              (7 damage)
             ... on level 4 of the Dungeon.
             The game lasted 00:03:49 (2603 turns).

dialectric the Cudgeller (Demonspawn Fighter)       Turns: 2603, Time: 00:03:49

Health: -1/50      AC:  6    Str: 18    XL:     6   Next: 79%
Magic:  6/6        EV: 10    Int:  9    God:
Gold:   109        SH:  0    Dex: 15    Spells: 5/5 levels left

rFire   . . .      SeeInvis .    a - +0 flail
rCold   . . .      Faith    .    (no shield)
rNeg    . . .      Spirit   .    b - +0 scale mail
rPois   .          Reflect  .    (no helmet)
rElec   .          Harm     .    (no cloak)
rCorr   .          Rampage  .    (no gloves)
Will    .....                    (no boots)
Stlth   +                        (no amulet)
HPRegen 0.28/turn                (no ring)
MPRegen 0.10/turn                (no ring)

@: mighty
A: claws 1, thin skeletal structure 1, demonic guardian 1
a: no special abilities


You were on level 4 of the Dungeon.
You visited 1 branch of the dungeon, and saw 5 of its levels.

You collected 109 gold pieces.

Inventory:

Hand Weapons
 a - a +0 flail (weapon)
 m - a +5 dire flail of holy wrath
Armour
 b - a +0 scale mail (worn)
 c - a +0 buckler
 f - a +1 chain mail of fire resistance
 l - a scarf of harm
Jewellery
 h - an amulet of magic regeneration
Scrolls
 g - a scroll of enchant armour {unknown}
 n - a scroll of teleportation {unknown}
 o - a scroll of noise {unknown}
 p - a scroll of amnesia {unknown}
 s - 2 scrolls of fear {unknown}
 t - a scroll of fog {unknown}
Potions
 d - 2 potions of might
 e - a potion of resistance {unknown}
 i - a potion of heal wounds {unknown}
 j - 2 potions of invisibility {unknown}
 k - a potion of brilliance {unknown}
 r - a potion of attraction {unknown}


   Skills:
 + Level 4.8 Fighting
 + Level 4.8 Maces & Flails
 + Level 1.0 Throwing
 - Level 3.0 Armour
 * Level 2.1 Dodging
 - Level 0.1 Stealth
 - Level 2.6 Shields


You had 5 spell levels left.
You didn't know any spells.
Your spell library contained the following spells:

 Spells                   Type           Power      Damage    Failure   Level
 Magic Dart               Conj           0%         1d3       77%         1
 Shock                    Conj/Air       0%         1d3       77%         1
 Call Imp                 Summ           0%         N/A       88%         2
 Mephitic Cloud           Conj/Pois/Air  0%         N/A       98%         3
 Swiftness                Air            0%         N/A       98%         3
 Airstrike                Air            0%         2d(0-16)  100%        4
 Summon Ice Beast         Ice/Summ       0%         N/A       100%        4
 Summon Mana Viper        Hex/Summ       0%         N/A       100%        5
 Monstrous Menagerie      Summ           0%         N/A       100%        7


Dungeon Overview and Level Annotations

Branches:
Dungeon (5/15)
 Temple: D:4-7

Altars:
Wu Jian


Innate Abilities, Weirdness & Mutations

You have sharp fingernails.
You have a somewhat thin skeletal structure. (Dex +2, Stealth+)
A weak demonic guardian rushes to your aid.


Message History

The gnoll barely misses you. The gnoll closely misses you.
Throw: dart (curare)
Press: ? - help, Q - select action Shift-Dir - straight line, f - hobgoblin
Aim: a hobgoblin (60% to hit)
You throw a curare-tipped dart.
The curare-tipped dart hits the hobgoblin.
The hobgoblin is poisoned.
The hobgoblin convulses.
The hobgoblin seems to slow down.
The hobgoblin is heavily wounded.
The hobgoblin hits you but does no damage.
You barely miss the hobgoblin.
The hobgoblin is severely wounded.
The gnoll closely misses you.
The gnoll hits you from afar with a +0 halberd.
The hobgoblin completely misses you.
You closely miss the hobgoblin.
The hobgoblin is almost dead.
The gnoll completely misses you.
You hit the hobgoblin.
You kill the hobgoblin!
The gnoll closely misses you. The gnoll misses you.
Unknown command.
Unknown command.
Unknown command.
You hit the gnoll.
The gnoll is heavily wounded.
The gnoll closely misses you. x2
You hit the gnoll.
The gnoll is almost dead.
The gnoll hits you from afar with a +0 halberd.
The gnoll hits you with a +0 whip.
You closely miss the gnoll.
The gnoll is almost dead.
The gnoll barely misses you. x2
You closely miss the gnoll.
The gnoll is almost dead.
The gnoll hits you from afar with a +0 halberd!
* * * LOW HITPOINT WARNING * * *
A demonic guardian appears!
The gnoll hits you with a +0 whip!
You die...

....
#.....#....#...#....... ###
#.....#....#...#.......
#.....'....#>..#.......
#....###...'...#.......
#..###8###.#####.......
#..#._._.####..#.......
....##..5##.....#.......
....... #...##.....#.......
...##.. ##@##..##..'..>....
...#######g##'###..#.......
...........g.......#.......
...............##..#.......
........#########..#.......
...##...# .....##..#.......
...##...##.........#.......
........#......##..#..[....
........#.g....## ########


You could see 2 gnolls and a friendly shadow imp (summoned).

Vanquished Creatures
  Edmund (D:5)
  An ogre (D:5)
  A scorpion (D:4)
  A gnoll bouda (D:4)
  2 iguanas
  3 gnolls
  4 adders
  3 worms (D:2)
  A dart slug (D:1)
  5 bats
  4 endoplasms
  6 goblins
  8 hobgoblins
  3 jackals (D:2)
  3 quokkas
  5 ball pythons
  5 frilled lizards
  6 kobolds
  6 rats
68 creatures vanquished.

Notes
Turn   | Place    | Note
-------+----------+-------------------------------------------
     0 | D:1      | dialectric the Demonspawn Fighter began the quest for the
                  | Orb.
     0 | D:1      | Reached XP level 1. HP: 18/18 MP: 1/1
   278 | D:1      | Gained mutation: You have sharp fingernails. [demonic
                  | ancestry]
   278 | D:1      | Reached XP level 2. HP: 22/24 MP: 2/2
   613 | D:1      | Gained mutation: You have a somewhat thin skeletal
                  | structure. (Dex +2, Stealth+) [demonic ancestry]
   613 | D:1      | Reached XP level 3. HP: 27/30 MP: 3/3
  1477 | D:2      | Reached XP level 4. HP: 28/37 MP: 4/4
  2042 | D:3      | You fall into a shaft and drop 2 floors!
  2042 | D:5      | Entered Level 5 of the Dungeon
  2044 | D:5      | Noticed an ogre
  2045 | D:5      | Noticed Edmund
  2056 | D:5      | Killed an ogre
  2057 | D:5      | Reached skill level 1 in Dodging
  2057 | D:5      | Gained mutation: A weak demonic guardian rushes to your
                  | aid. [demonic ancestry]
  2057 | D:5      | Reached XP level 5. HP: 31/43 MP: 5/5
  2083 | D:5      | Killed Edmund
  2084 | D:5      | Reached XP level 6. HP: 44/49 MP: 6/6
  2492 | D:4      | Reached skill level 1 in Throwing
  2557 | D:4      | Found an ornate altar of the Wu Jian Council.
  2603 | D:4      | Slain by a gnoll

Illustrated notes

Levels and vault maps discovered:
D:1:      shiori_arrival_elements, layout_basic
D:2:      layout_basic, minmay_cut_off
D:3:      layout_basic, vehumet_crystals, minmay_misc_feat_enclosed,
          grunt_ministairs_5, uniq_grinder
D:4:      layout_gridville, gammafunk_temple_overflow_statue
D:5:      layout_layer_cave, nicolae_overflow_crystal_walls, uniq_edmund

Skill      XL: |  1  2  3  4  5  6 |
---------------+-------------------+-----
Maces & Flails | 2 3 4 |  4.8
Armour         | 3 |  3.0
Fighting       | 4 |  4.8
Dodging        | 1 2 |  2.1
Throwing       | 1 |  1.0
Stealth        | |  0.1
Shields        | |  2.6

Action                     |  1- 3 |  4- 6 || total
---------------------------+-------+-------++-------
  Melee: Flail             |   148 |   109 ||   257
         Punch             |       |     1 ||     1
  Throw: Dart              |     1 |     9 ||    10
    Use: Potion            |       |     4 ||     4
         Scroll            |       |     2 ||     2
 Armour: Scale mail        |   104 |    42 ||   146
  Dodge: Dodged            |    81 |    68 ||   149

Table legend: (Time is in decaauts)
 A = Elapsed time spent in this place.
 B = Non-inter-level travel time spent in this place.
 C = Inter-level travel time spent in this place.
 D = Time resting spent in this place.
 E = Time spent auto-exploring this place.
 F = Levels seen in this place.
 G = Mean time per level.
                   A        B        C        D        E       F      G
               +--------+--------+--------+--------+--------+-----+--------+
         Total |   2670 |   2637 |     33 |    267 |   1667 |   5 |  534.0 |
       Dungeon |   2670 |   2637 |     33 |    267 |   1667 |   5 |  534.0 |
               +--------+--------+--------+--------+--------+-----+--------+

Top non-repeatable levels by time:
     D:1: 1055 daAuts
     D:2: 893 daAuts
     D:4: 312 daAuts
     D:5: 256 daAuts
     D:3: 151 daAuts
